 Dungeon Crawl Stone Soup version 0.20.0-15-g7f486f2 (webtiles) character file.

901 Jakon the Shield-Bearer (level 7, -6/63 HPs)
             Began as a Minotaur Fighter on June 23, 2017.
             Killed from afar by an efreet (31 damage)
             ... with a bolt of fire
             ... on level 1 of the Abyss.
             The game lasted 00:17:08 (4025 turns).

Jakon the Shield-Bearer (Minotaur Fighter)          Turns: 4025, Time: 00:17:08

Health: -6/63      AC:  7    Str: 20    XL:     7   Next: 80%
Magic:  6/6        EV:  8    Int:  6    God:
Gold:   266        SH: 10    Dex: 11    Spells: 6/6 levels left

rFire    . . .     SeeInvis .   a - +0 long sword
rCold    . . .     Gourm    .   c - +0 shield
rNeg     . . .     Faith    .   b - +0 scale mail
rPois    .         Spirit   .   (helmet restricted)
rElec    .         Reflect  .   (no cloak)
rCorr    .         Harm     .   (no gloves)
MR       .....                  (no boots)
Stlth    ..........             (no amulet)
Regen    0.2/turn               (no ring)
MPRegen  0.1/turn               (no ring)

@: no status effects
A: retaliatory headbutt, horns 2
a: no special abilities


You were on level 1 of the Abyss.
You were not hungry.

You visited 1 branch of the dungeon, and saw 6 of its levels.
You visited the Abyss 1 time.

You collected 266 gold pieces.

Inventory:

Hand Weapons
 a - a +0 long sword (weapon)
 d - the +5 hand axe "Jisanim" {distort, *Noise rF+++ Str+7 Dex-5}
   (You found it on level 5 of the Dungeon)

   It warps and distorts space around it.
   Unwielding it can cause banishment or high damage.
   It affects your strength (+7).
   It affects your dexterity (-5).
   It renders you almost immune to fire.
   It may make noises in combat.
 p - a +0 blowgun
Missiles
 i - 2 throwing nets (quivered)
 q - 6 curare-tipped needles
 y - 12 poisoned needles
Armour
 b - a +0 scale mail (worn)
 c - a +0 shield (worn)
 t - a +0 robe of positive energy
Wands
 s - a wand of lightning (10/15)
Scrolls
 e - 3 scrolls of teleportation
 g - a scroll of fog {unknown}
 l - 3 scrolls of remove curse
 m - 2 scrolls of identify {unknown}
 n - 2 scrolls of enchant weapon {unknown}
 o - 3 scrolls of amnesia {unknown}
 u - a scroll of recharging {unknown}
 w - a scroll of magic mapping {unknown}
Potions
 j - 2 potions of invisibility
 k - 2 potions of heal wounds {unknown}
 r - a potion of haste {unknown}
 v - a potion of resistance
 z - a potion of experience {unknown}
 A - a potion of brilliance {unknown}
Comestibles
 f - a bread ration
 h - 6 chunks of flesh
 x - a fruit


   Skills:
 + Level 6.2 Fighting
 + Level 5.9 Long Blades
 + Level 6.2 Armour
 + Level 6.7 Shields


You had 6 spell levels left.
You didn't know any spells.

Dungeon Overview and Level Annotations

Branches:
Dungeon (6/15)
 Temple: D:4-7

Altars:
Kikubaaqudgha
Qazlal
Ru

Shops:
D:4 =


Innate Abilities, Weirdness & Mutations

You reflexively headbutt those who attack you in melee.
You have a pair of horns on your head.


Message History

A gateway leading deeper into the Abyss.
Found a blue potion.
A - a blue potion Some of the chunks of flesh in your inventory have rotted away.
A profane servitor comes into view. It is wielding an enchanted whip.
A small abomination comes into view.
An efreet comes into view. It is wielding a scimitar of flaming.
You block the small abomination's attack.
You hit the small abomination but do no damage.
You headbutt the small abomination!
The small abomination is moderately damaged.
The efreet gestures at you. The bolt of fire hits you!
The small abomination hits you!
You closely miss the small abomination.
Your headbutt misses the small abomination.
The small abomination is moderately damaged.
You block the small abomination's attack.
The efreet gestures at you. The bolt of fire hits you!
You die...

. #. .#.. .##. .# ..
. .## . .. ..# # ##
.. # . # .#.#. ####.
.# #
.#####.###.#.#.# ##
..#...##.#.#@.###
#.........R....x...#
#.§#.§§#.#.....##
### # .§ #..##..####
A....# .#....####
.......##. ....#
.#...##...#..### .
..#.....#.
.....#########


You could see an efreet and a small abomination.

Vanquished Creatures
  A water moccasin (D:4)
  An ice beast (D:5)
  A phantom (D:5)
  A centaur (D:6)
  An ogre (D:5)
  A howler monkey (D:4)
  A crimson imp (D:6)
  An orc priest (D:6)
  3 orc wizards
  An iguana (D:4)
  2 worker ants
  2 hound skeletons (D:4)
  3 gnolls (D:2)
  3 adders
  An ooze (D:1)
  4 worms (D:3)
  3 dart slugs (D:1)
  7 leopard geckos
  16 orcs
  2 ball pythons
  6 bats
  6 giant cockroaches
  9 goblins
  9 hobgoblins
  5 jackals
  10 kobolds
  A quokka (D:2)
  A ball python skeleton (D:5)
  9 frilled lizards
  A rat (D:1)
112 creatures vanquished.

Notes
Turn   | Place    | Note
-------+----------+-------------------------------------------
     0 | D:1      | Jakon the Minotaur Fighter began the quest for the Orb.
     0 | D:1      | Reached XP level 1. HP: 19/19 MP: 0/0
   129 | D:1      | Reached XP level 2. HP: 24/27 MP: 1/1
   496 | D:1      | Reached XP level 3. HP: 33/33 MP: 2/2
   822 | D:2      | Reached XP level 4. HP: 40/40 MP: 3/3
  1870 | D:3      | Found a stormy altar of Qazlal.
  1911 | D:3      | Reached XP level 5. HP: 46/47 MP: 4/4
  2010 | D:3      | You fall through a shaft for 3 floors!
  2028 | D:6      | Reached skill level 5 in Shields
  2206 | D:6      | Reached skill level 5 in Armour
  2359 | D:6      | Found an ancient bone altar of Kikubaaqudgha.
  2415 | D:6      | Noticed a centaur
  2423 | D:6      | Killed a centaur
  2423 | D:6      | Reached skill level 5 in Fighting
  2423 | D:6      | Reached XP level 6. HP: 36/56 MP: 5/5
  2594 | D:5      | Entered Level 5 of the Dungeon
  2958 | D:5      | Reached skill level 5 in Long Blades
  2958 | D:5      | Reached XP level 7. HP: 4/61 MP: 6/6
  3246 | D:5      | Got a pitted hand axe
  3764 | D:4      | Found Fono's Jewellery Shop.
  3782 | D:4      | Found a sacrificial altar of Ru.
  3939 | D:3      | Identified the +5 hand axe "Jisanim" {distort, *Noise rF+++ Str+7 Dex-5} (You found it on level 5 of the Dungeon)
  3942 | D:3      | Cast into level 1 of the Abyss (a distortion unwield)
  4015 | Abyss:1  | Noticed a profane servitor
  4020 | Abyss:1  | Noticed an efreet
  4025 | Abyss:1  | Killed from afar by an efreet

Skill      XL: |  1  2  3  4  5  6  7 |
---------------+----------------------+-----
Armour         | 4 5 6 |  6.2
Shields        | 4 5 6 |  6.7
Long Blades    | 3 4 5 |  5.9
Fighting       | 4 5 6 |  6.2

Action                   |  1- 3 |  4- 6 |  7- 9 || total
-------------------------+-------+-------+-------++-------
Melee: Long sword        |    55 |   160 |    85 ||   300
       Headbutt          |     8 |    22 |    13 ||    43
  Use: Potion            |       |     1 |     2 ||     3
       Scroll            |       |       |     2 ||     2
 Stab: Invisible         |       |       |     4 ||     4
       Paralysed         |       |       |     1 ||     1
  Eat: Chunk             |       |     6 |     2 ||     8
       Royal jelly       |       |     1 |       ||     1
Armor: Scale mail        |    28 |    46 |    26 ||   100
Dodge: Dodged            |    22 |    40 |    25 ||    87
Block: Shield            |    41 |    71 |    50 ||   162
       Rpst.: Long sword |     2 |    10 |     4 ||    16
